AoeStats
← Red Calypso

African Clearing

505353161Analyzed
3v3 RM · 24d ago on Sep 9, 2026· 69m 1s· 6 players
Game mode
Random Map
Map size
Normal (6 player)
Population
200
Speed
Normal
Resources
Standard
Victory
Conquest
Starting age
Dark Age
Ending age
Imperial Age
RankedLock teamsTeams togetherTeam positionsShared explorationLock speedFull tech treeHidden civsTurbo modeCheats
Victory
Defeat
🇧🇷 Spanish · Brazil
1531
+12
🇧🇷 Spanish · Brazil
1503
+13
🇧🇷 Ethiopians · Brazil
1462
+15
🇨🇦 Georgians · Canada
1478
-15
🇦🇹 Vietnamese · Austria
1420
-13
🇨🇦 Turks · Canada
1408
-12
GOAT Gobz
5:58 Loom
14:27 Feudal Age
15:13 Double-Bit Axe
18:04 Castle Age
18:02 Fletching
18:18 Padded Archer Armor
19:03 Bow Saw
19:34 Town Watch
20:59 Wheelbarrow
20:56 Bodkin Arrow
26:55 Ballistics
29:09 Bloodlines
30:04 Husbandry
30:34 Padded Archer Armor
30:46 Guard Tower
31:42 Leather Archer Armor
34:04 Hand Cart
39:32 Imperial Age
37:02 Horse Collar
38:45 Scale Mail Armor
38:56 Forging
38:29 Treadmill Crane
39:01 Masonry
39:24 Svan Towers
38:44 Pikeman
40:39 Bracer
41:29 Chain Mail Armor
41:50 Iron Casting
42:35 Chemistry
42:31 Parthian Tactics
42:51 Keep
42:45 Gambesons
43:00 Squires
42:46 Arson
43:37 Architecture
42:56 Arrowslits
43:29 Heavy Plow
43:51 Aznauri Cavalry
44:07 Conscription
45:31 Plate Mail Armor
46:01 Blast Furnace
45:52 Crop Rotation
46:01 Halberdier
49:41 Scale Barding Armor
49:10 Light Cavalry
50:35 Architecture
50:29 Heavy Cavalry Archer
50:49 Hussar
52:46 Chain Barding Armor
55:34 Plate Barding Armor
58:30 Guilds
61:57 Sappers
Im2Good4YoMoma
5:07 Loom
12:49 Feudal Age
15:11 Double-Bit Axe
17:44 Castle Age
19:41 Bow Saw
20:23 Wheelbarrow
20:42 Fletching
20:53 Padded Archer Armor
22:41 Ballistics
26:41 Bodkin Arrow
27:32 Bloodlines
30:26 Sipahi
30:00 Horse Collar
31:04 Leather Archer Armor
31:55 Thumb Ring
32:24 Town Watch
36:00 Husbandry
39:08 Imperial Age
38:17 Scale Barding Armor
38:23 Forging
39:22 Chain Barding Armor
38:59 Gold Mining
39:06 Stone Mining
39:20 Heavy Camel Rider
41:40 Gold Shaft Mining
42:52 Iron Casting
42:53 Plate Barding Armor
43:05 Conscription
43:56 Hand Cart
44:51 Two-Man Saw
44:58 Blast Furnace
45:15 Parthian Tactics
45:05 Bracer
46:14 Ring Archer Armor
45:14 Heavy Cavalry Archer
54:25 Artillery
55:15 Heavy Plow
Red Calypso
11:56 Loom
13:53 Feudal Age
15:33 Double-Bit Axe
18:28 Castle Age
17:14 Double-Bit Axe
18:09 Fletching
21:38 Bodkin Arrow
21:43 Padded Archer Armor
27:00 Ballistics
28:13 Husbandry
29:38 Bloodlines
31:53 Leather Archer Armor
36:24 Town Watch
39:11 Wheelbarrow
38:49 Bow Saw
38:26 Horse Collar
38:57 Town Patrol
39:04 Stone Mining
39:06 Gold Mining
40:21 Heavy Plow
41:13 Stone Shaft Mining
41:14 Hand Cart
44:23 Imperial Age
43:50 Hand Cart
43:03 Pikeman
46:04 Chemistry
44:57 Elite Skirmisher
47:56 Two-Man Saw
46:27 Imperial Skirmisher
47:15 Scale Mail Armor
49:01 Thumb Ring
49:08 Bracer
49:57 Forging
50:53 Chain Mail Armor
55:25 Ring Archer Armor
55:01 Squires
rick rush
7:18 Loom
13:52 Feudal Age
18:13 Castle Age
16:48 Fletching
17:19 Double-Bit Axe
18:03 Gold Mining
18:25 Crossbowman
19:14 Padded Archer Armor
20:41 Bodkin Arrow
25:15 Leather Archer Armor
25:43 Bow Saw
27:22 Ballistics
30:57 Thumb Ring
36:14 Wheelbarrow
36:15 Horse Collar
42:23 Imperial Age
42:57 Hand Cart
42:28 Town Watch
43:04 Bracer
42:25 Arbalester
44:12 Chemistry
43:48 Ring Archer Armor
46:28 Torsion Engines
46:49 Conscription
52:47 Capped Ram
56:28 Siege Ram
68:17 Forging
68:07 Scale Mail Armor
67:48 Elite Shotel Warrior
NJ
12:44 Feudal Age
12:59 Loom
15:14 Double-Bit Axe
17:30 Castle Age
16:15 Bloodlines
15:50 Horse Collar
17:38 Gold Mining
21:07 Scale Barding Armor
23:12 Wheelbarrow
24:58 Chain Barding Armor
25:02 Husbandry
26:24 Forging
30:04 Iron Casting
32:28 Hand Cart
35:09 Imperial Age
32:49 Heavy Plow
33:00 Bow Saw
36:31 Plate Barding Armor
35:17 Cavalier
37:26 Two-Man Saw
37:36 Blast Furnace
38:34 Paladin
42:48 Stone Mining
44:40 Elite Skirmisher
45:26 Thumb Ring
46:28 Herbal Medicine
48:06 Fletching
48:46 Bodkin Arrow
49:50 Ballistics
50:30 Chemistry
49:33 Bracer
50:07 Padded Archer Armor
50:48 Conscription
50:56 Supremacy
51:45 Hoardings
51:40 Supremacy
51:47 Leather Archer Armor
53:06 Ring Archer Armor
62:42 Light Cavalry
digitallimao
13:26 Feudal Age
17:25 Castle Age
15:36 Double-Bit Axe
17:02 Stone Mining
17:07 Loom
17:23 Town Watch
18:52 Bow Saw
23:04 Padded Archer Armor
26:58 Leather Archer Armor
28:08 Horse Collar
29:31 Husbandry
29:57 Bloodlines
31:03 Heavy Plow
32:49 Wheelbarrow
32:29 Gold Mining
33:01 Fletching
37:09 Hand Cart
41:16 Imperial Age
40:02 Bodkin Arrow
41:20 Elite Conquistador
42:31 Ring Archer Armor
42:23 Conscription
42:44 Stone Shaft Mining
43:03 Capped Ram
43:40 Light Cavalry
44:41 Siege Ram
47:04 Hoardings
46:50 Supremacy
47:41 Chemistry
47:02 Ballistics
48:32 Bracer
48:44 Masonry
51:19 Scale Barding Armor
51:25 Forging
56:58 Hussar
59:24 Iron Casting
59:10 Chain Barding Armor
61:56 Blast Furnace
61:58 Guard Tower
61:54 Arrowslits
64:30 Pikeman
65:11 Squires
65:11 Scale Mail Armor
65:47 Plate Barding Armor
66:23 Halberdier
67:18 Chain Mail Armor
68:58 Plate Mail Armor
68:14 Arson
Connection lost

Rejoining the realm…

Still unreachable

The connection could not be restored.

Session expired

The server has moved on; the page needs a fresh start.